 Dungeon Crawl Stone Soup version 0.26.1-11-gd32895ea62 (webtiles) character file.

Game seed: 7782022971298885627

86 eagelman13508 the Covert (level 4, -13/41 HPs)
             Began as a Gnoll Delver on June 28, 2021.
             Mangled by an ogre
             ... wielding a +0 giant club
              (16 damage)
             ... on level 5 of the Dungeon.
             The game lasted 00:14:26 (1493 turns).

eagelman13508 the Covert (Gnoll Delver)             Turns: 1493, Time: 00:14:27

Health: -13/41     AC:  4    Str: 22    XL:     4   Next: 50%
Magic:  5/5        EV: 14    Int: 12    God:
Gold:   49         SH:  0    Dex: 16    Spells: 5/5 levels left

rFire    . . .     SeeInvis .   a - +0 mace
rCold    + . .     Faith    .   (no shield)
rNeg     . . .     Spirit   .   s - +1 leather armour {rC+}
rPois    .         Reflect  .   (no helmet)
rElec    .         Harm     .   (no cloak)
rCorr    .         Rampage  .   (no gloves)
Will     .....                  (no boots)
Stlth    ++++......             (no amulet)
HPRegen  0.13/turn              o - +6 ring of strength
MPRegen  0.09/turn              (no ring)

@: no status effects
A: distributed training, fangs 1, strong nose
a: no special abilities


You were on level 5 of the Dungeon.
You visited 1 branch of the dungeon, and saw 2 of its levels.

You collected 49 gold pieces.

Inventory:

Hand Weapons
 a - a +0 mace (weapon)
Missiles
 h - 20 sling bullets
 i - 28 arrows
 l - 25 stones (quivered)
Armour
 b - cursed -2 fire dragon scales
 s - a +1 leather armour of cold resistance (worn)
Jewellery
 o - a +6 ring of strength (left hand)
Wands
 g - a wand of digging (7)
Scrolls
 c - a scroll of fog
 d - a scroll of magic mapping
 e - a scroll of fear
 m - 3 scrolls of identify
 n - a scroll of remove curse
 q - a scroll of enchant weapon {unknown}
Potions
 f - a potion of haste
 j - a potion of mutation {unknown}
 k - a potion of degeneration {unknown}
 r - 2 potions of lignification {unknown}


   Skills:
 + Level 6.6 Fighting
 + Level 1.1 Short Blades
 + Level 1.1 Long Blades
 + Level 1.1 Axes
 + Level 4.6 Maces & Flails
 + Level 1.1 Polearms
 + Level 1.1 Staves
 + Level 1.1 Slings
 + Level 1.1 Bows
 + Level 1.1 Crossbows
 + Level 1.1 Throwing
 + Level 1.1 Armour
 + Level 4.6 Dodging
 + Level 9.6 Stealth
 + Level 1.1 Shields
 + Level 1.1 Unarmed Combat
 + Level 1.1 Spellcasting
 + Level 0.9 Conjurations
 + Level 0.9 Hexes
 + Level 0.9 Summonings
 + Level 0.9 Necromancy
 + Level 0.9 Translocations
 + Level 0.9 Transmutations
 + Level 0.9 Fire Magic
 + Level 0.9 Ice Magic
 + Level 0.9 Air Magic
 + Level 0.9 Earth Magic
 + Level 0.9 Poison Magic
 + Level 1.2 Invocations
 + Level 1.1 Evocations


You had 5 spell levels left.
You didn't know any spells.
Your spell library was empty.

Dungeon Overview and Level Annotations

Branches:
Dungeon (5/15)
 Temple: D:4-7

Altars:
Dithmenos

Annotations:
D:4 Menkaure


Innate Abilities, Weirdness & Mutations

Your experience applies equally to all skills.
You have very sharp teeth.
Your uncanny sense of smell can sniff out nearby items.


Message History

The ogre is lightly wounded.
The ogre hits you with a +0 giant club!!
You hit the ogre but do no damage.
The ogre is lightly wounded.
The ogre hits you with a +0 giant club!!
Ouch! That really hurt!
* * * LOW HITPOINT WARNING * * *
You hit the ogre.
The ogre is lightly wounded.
The ogre closely misses you.
You hit the ogre.
The ogre is moderately wounded.
The ogre barely misses you.
You hit the ogre. Your bite misses the ogre.
The ogre is heavily wounded.
The ogre closely misses you.
You hit the ogre.
The ogre is heavily wounded.
The ogre hits you with a +0 giant club!
You die...

#.....#.......# ..
#.....###...#.# .
#.........#...# #####
#.....(#....### #...#
######'####(#.#########.#.#
#.........#(............#.#
#.........(...###########.#
#.........O##### #.# #.#
#.........@....# #.### #..
#.........####.####...# ###
#...........##......#.#####
#...........######..#.##...
##'####.....# #....#.##...
#...##.....# #.#.##.##...
###.##.....####.#....##...
#..'.....'....#.#####...
####.....######## #...


You could see an ogre.

Vanquished Creatures
  A jelly (D:5)
  Ijyb (D:5)
  A worker ant (D:5)
  A worm (D:4)
  A leopard gecko (D:5)
  An orc (D:5)
6 creatures vanquished.

Notes
Turn   | Place    | Note
-------+----------+-------------------------------------------
     0 | D:5      | Reached skill level 9 in Stealth
     0 | D:5      | eagelman13508 the Gnoll Delver began the quest for the Orb.
     0 | D:5      | Reached XP level 1. HP: 23/23 MP: 1/1
    89 | D:5      | Noticed a worker ant
    95 | D:5      | Killed a worker ant
    96 | D:5      | Reached XP level 2. HP: 16/29 MP: 2/2
    96 | D:5      | Reached XP level 3. HP: 19/35 MP: 3/3
   266 | D:5      | Found a shadowy altar of Dithmenos.
   560 | D:4      | Noticed a phantom
   933 | D:4      | Noticed an ogre
   954 | D:4      | Noticed a phantom
   986 | D:4      | Noticed Menkaure
  1289 | D:5      | Reached skill level 1 in Short Blades
  1289 | D:5      | Reached skill level 1 in Long Blades
  1289 | D:5      | Reached skill level 1 in Axes
  1289 | D:5      | Reached skill level 1 in Polearms
  1289 | D:5      | Reached skill level 1 in Staves
  1289 | D:5      | Reached skill level 1 in Slings
  1289 | D:5      | Reached skill level 1 in Bows
  1289 | D:5      | Reached skill level 1 in Crossbows
  1289 | D:5      | Reached skill level 1 in Throwing
  1289 | D:5      | Reached skill level 1 in Armour
  1289 | D:5      | Reached skill level 1 in Shields
  1289 | D:5      | Reached skill level 1 in Unarmed Combat
  1289 | D:5      | Reached skill level 1 in Spellcasting
  1289 | D:5      | Reached skill level 1 in Invocations
  1289 | D:5      | Reached skill level 1 in Evocations
  1289 | D:5      | Reached XP level 4. HP: 34/41 MP: 3/5
  1357 | D:5      | Noticed an ogre
  1390 | D:5      | Noticed Ijyb
  1403 | D:5      | Killed Ijyb
  1489 | D:5      | HP: 2/41 [ogre/+0 giant club (21)]
  1493 | D:5      | Mangled by an ogre

Illustrated notes

Levels and vault maps discovered:
D:4:      minmay_skewed_foursquare, layout_rooms, uniq_menkaure
D:5:      layout_basic, nicolae_dithmenos_the_darkroom, uniq_ijyb

Skill      XL: |  1  2  3 |
---------------+----------+-----
Stealth        | |  9.6
Short Blades   | 1 |  1.1
Long Blades    | 1 |  1.1
Axes           | 1 |  1.1
Polearms       | 1 |  1.1
Staves         | 1 |  1.1
Slings         | 1 |  1.1
Bows           | 1 |  1.1
Crossbows      | 1 |  1.1
Throwing       | 1 |  1.1
Armour         | 1 |  1.1
Shields        | 1 |  1.1
Unarmed Combat | 1 |  1.1
Spellcasting   | 1 |  1.1
Invocations    | 1 |  1.2
Evocations     | 1 |  1.1
Fighting       | |  6.6
Maces & Flails | |  4.6
Dodging        | |  4.6
Conjurations   | |  0.9
Hexes          | |  0.9
Summonings     | |  0.9
Necromancy     | |  0.9
Translocations | |  0.9
Transmutations | |  0.9
Fire Magic     | |  0.9
Ice Magic      | |  0.9
Air Magic      | |  0.9
Earth Magic    | |  0.9
Poison Magic   | |  0.9

Action                   |  1- 3 |  4- 6 || total
-------------------------+-------+-------++-------
Melee: Mace              |    35 |    17 ||    52
       Bite              |     5 |     2 ||     7
Throw: Stone             |       |     4 ||     4
  Use: Scroll            |       |     2 ||     2
 Stab: Sleeping          |     2 |     1 ||     3
Armor: Leather armour    |     2 |     2 ||     4
Dodge: Dodged            |    15 |     9 ||    24
